VAFFANCULO, neutral male gnomish Healer --- -- ----------.---.---------- |.........@B............| |....-----d........- ----- --..^| -..h...l...........| ---.| |.*..................| |.| |....................| |.| ----.....SF..l..Z....- |.| --...........| .....| --.| -------..--- -- | |..-- --- --...--- --- -.......---..| |........|...-- ----....<.....| |.........-- -.........| |.........-- |....*.|.-- --.--.---- ------ VAFFANCULO the Rhizotomist Experience level: 1 Strength: 9 Dexterity: 11 Constitution: 12 Intelligence: 10 Wisdom: 18 Charisma: 16 Health: 0(13) Energy: 3(5) Def: 2 Gold: 2243 Moves: 1126 Dungeon seed: PqpJTJ2kqz-hz3J8 Game ID: VAFFANCULO_1533123427 Your Inventory: Coins $ - 2243 gold pieces Weapons a - a blessed +0 scalpel n - a blessed +2 aklys (alternate weapon; not wielded) Armor e - an uncursed +1 pair of leather gloves (being worn) Comestibles j - 6 blessed eucalyptus leaves k - a blessed sprig of wolfsbane l - 3 blessed cloves of garlic m - 5 uncursed apples o - 3 uncursed tripe rations q - an uncursed candy bar u - an uncursed food ration Scrolls p - an uncursed scroll of remove curse s - an uncursed scroll of scare monster t - a blessed scroll of identify Spellbooks g - a blessed spellbook of healing h - a blessed spellbook of extra healing i - a blessed spellbook of stone to flesh Potions b - 4 uncursed potions of healing d - 3 uncursed potions of extra healing Wands f - an uncursed wand of sleep (0:8) Tools c - an uncursed stethoscope Gems r - an uncursed jet Spells and supernatural/magical abilities: Name Level Category Fail Memory h - healing 1 healing 0% 95% x - extra healing 3 healing 98% 95% S - stone to flesh 3 healing 100% 95% W - pray for help -- divine ? -- Your skills at the end: Miscellaneous Skills wands [Basic] Weapon Skills knife [Basic] crossbow [Basic] Spellcasting Skills healing spells [Basic] Final Attributes: You were devoutly aligned. You were poison resistant. Your writing hand was ok. You had infravision. You were very stealthy. You are dead. Vanquished creatures: a gas spore an acid blob 3 geckos a giant rat 3 manes a fox 3 newts a goblin 5 grid bugs 2 bats a lichen 22 creatures vanquished. Voluntary challenges: You followed a strict vegan diet. You did not adorn yourself with jewelry or accessories. You did not cause conflict. You were not invisible. You did not have reflection. You were not displaced. You never hit with a wielded weapon. You were a pacifist. You did not use containers. You did not apply a unicorn horn. You did not use plumbed fixtures. You read items or engraved 1 time, starting on turn 1099. You never genocided any monsters. You never polymorphed an object. You never changed form. You used no wishes. You never split a pudding. You wrote Elbereth's name 1 time, starting on turn 1099. You never violated your personal moral code. Dungeon overview: The Dungeons of Doom: levels 1 to 4 Level 1 some fountains a long staircase Level 2 Level 3 Level 4 a fountain stairs to The Gnomish Mines The Gnomish Mines: Level 5 <- You were here stairs to The Dungeons of Doom History has recorded: On T:1 you entered the Dungeons of Doom to retrieve the Amulet of Yendor! On T:194 you reached level 2 of The Dungeons of Doom. On T:670 you reached level 3 of The Dungeons of Doom. On T:840 you prayed to Hermes. On T:1013 you reached level 4 of The Dungeons of Doom. On T:1079 you reached level 1 of The Gnomish Mines. Score breakdown: Gold: 329 ( 32 points) Experience: 1 level ( 0 points) Exploration: 5 levels ( 120 points) Discoveries: 0 items ( 0 points) Variety of kills: 11 monsters ( 550 points) Major goal: (nothing yet) ( 0 points) Survival: died (score multiplied by 3) Total score: 2106 Latest messages: You land on a set of sharp iron spikes! You write in the dust with your fingers. The fox turns to flee! You hear some noises. You are still in a pit. You crawl to the edge of the pit. You stop running. You hear crashing rock.  bites the gas spore. The gas spore is killed!  is caught in the gas spore's explosion! Status of  (neutral): Level 4 HP 16(32) Def 5, tame.  looks better.  misses the giant bat. (2x) The giant bat bites!  misses the giant bat. The giant bat bites!  bites the giant bat. The giant bat misses . The giant bat bites! You die... Final status: Goodbye VAFFANCULO the Healer, killed by a giant bat... You died in The Gnomish Mines on dungeon level 5 with 2106 points, and 2243 pieces of gold, after 1126 moves. You were level 1 with a maximum of 13 hit points when you died.